 Dungeon Crawl Stone Soup version 0.22-a0-136-g83a10e5 (webtiles) character file.

11 varam the Firebug (level 2, -1/19 HPs)
             Began as a Demonspawn Fire Elementalist on Feb 3, 2018.
             Slain by an adder (2 damage)
             ... on level 2 of the Dungeon.
             The game lasted 00:02:44 (290 turns).

varam the Firebug (Demonspawn Fire Elementalist)     Turns: 290, Time: 00:02:44

Health: -1/19      AC:  2    Str:  6 (8)  XL:     2   Next: 13%
Magic:  1/5        EV: 12    Int: 15 (16) God:
Gold:   23         SH:  0    Dex: 11 (13) Spells: 4/5 levels left

rFire    . . .     SeeInvis .   e - +1 spear (venom)
rCold    . . .     Gourm    .   (no shield)
rNeg     . . .     Faith    .   a - +0 robe
rPois    .         Spirit   .   (no helmet)
rElec    .         Reflect  .   (no cloak)
rCorr    .         Harm     .   (no gloves)
MR       .....                  (no boots)
Stlth    ++........             (no amulet)
HPRegen  0.06/turn              (no ring)
MPRegen  0.09/turn              (no ring)

@: lethally poisoned (-1 -> -12), very slightly contaminated
A: demonic guardian 1
a: no special abilities


You were on level 2 of the Dungeon.
You were not hungry.

You visited 1 branch of the dungeon, and saw 2 of its levels.

You collected 23 gold pieces.

Inventory:

Hand Weapons
 e - a +1 spear of venom (weapon)
Armour
 a - a +0 robe (worn)
Scrolls
 g - a scroll of fear {unknown}
Books
 b - a book of Flames

   Spells                             Type                      Level
   a - Flame Tongue                   Conjuration/Fire             1
   b - Throw Flame                    Conjuration/Fire             2
   c - Conjure Flame                  Conjuration/Fire             3
   d - Inner Flame                    Hexes/Fire                   3
   e - Sticky Flame                   Conjuration/Fire             4
   f - Fireball                       Conjuration/Fire             5
Comestibles
 c - a ration
 d - 5 chunks of flesh


   Skills:
 - Level 1.7 Dodging
 - Level 1.7 Stealth
 - Level 2.0 Spellcasting
 * Level 1.9 Conjurations
 + Level 2.9 Fire Magic


You had 4 spell levels left.
You knew the following spells:

 Your Spells              Type           Power        Failure   Level  Hunger
a - Flame Tongue          Conj/Fire      #....        9%          1    #......


Dungeon Overview and Level Annotations

Branches:
Dungeon (2/15)

Altars:


Innate Abilities, Weirdness & Mutations

A weak demonic guardian rushes to your aid.


Message History

You are poisoned.
The adder poisons you!
You closely miss the adder.
The adder is moderately wounded.
You feel sick. The adder bites you.
* * * LOW HITPOINT WARNING * * *
You are more poisoned.
The adder poisons you!
It was a potion of degeneration.
There was something very wrong with that liquid.
You feel weakened.
You feel dopey.
You feel clumsy.
* * * LOW HITPOINT WARNING * * *
You feel sick. The adder bites you but does no damage.
The adder closely misses you.
Some of the chunks of flesh in your inventory have rotted away.
You hit the adder.
The adder is heavily wounded.
* * * LOW HITPOINT WARNING * * *
You feel sick. The adder bites you.
You die...

....?.. #.........#
....... #.........# ###
....... #.........# #..
.......###.........# #..
........##.........# #..
...................###..
####.#####..............
###....S..........###..
#.....@######.##### #..
...####..# #.# #.. ##.#
#.# #.# .. .. #.# #.. .
#.# #.. #.# #.. ##.# ..#
#..# #.##


You could see an adder.

Vanquished Creatures
  2 goblins
  2 hobgoblins
  2 jackals
  2 kobolds (D:1)
  2 rats (D:1)
10 creatures vanquished.

Notes
Turn   | Place    | Note
-------+----------+-------------------------------------------
     0 | D:1      | varam the Demonspawn Fire Elementalist began the quest for the Orb.
     0 | D:1      | Reached XP level 1. HP: 13/13 MP: 3/3
   127 | D:2      | Gained mutation: A weak demonic guardian rushes to your aid. [demonic ancestry]
   127 | D:2      | Reached XP level 2. HP: 8/19 MP: 0/5
   282 | D:2      | HP: 1/19 [adder (3)]
   290 | D:2      | HP: 1/19 [poisoned by an adder]
   290 | D:2      | Slain by an adder

Vault maps used:
D:1:      minmay_arrival_doors, kennysheep_minor_cross
D:2:      first_ration, minmay_tetromino_s4

Action                   || total
-------------------------++-------
Melee: Unarmed           ||     8
       Spear             ||     3
 Cast: Flame Tongue      ||    17
  Use: Potion            ||     2
Armor: Robe              ||     7
Dodge: Dodged            ||    22

Table legend:
 A = Spawn XP
 B = Non-spawn XP
 C = Spawn XP percentage of total XP
 D = Spawn monster count
 E = Non-spawn monster count
 F = Spawn count percentage of total count
 G = Total turns spent on level
                    A         B        C        D         E        F      G
               +---------+---------+-------+---------+---------+-------+---------
         Total |       0 |      16 |   0.0 |       0 |      10 |   0.0 |   290
               +---------+---------+-------+---------+---------+-------+---------
           D:1 |       0 |      11 |   0.0 |       0 |       7 |   0.0 |   122
           D:2 |       0 |       5 |   0.0 |       0 |       3 |   0.0 |   168
               +---------+---------+-------+---------+---------+-------+---------
